 Dungeon Crawl Stone Soup version 0.19.5 (webtiles) character file.

346 tidbits the Magician (level 6, -1/37 HPs)
             Began as a High Elf Skald on Nov 13, 2017.
             Slain by an orc
             ... wielding a +0 club
              (3 damage)
             ... on level 6 of the Dungeon.
             The game lasted 00:17:39 (1638 turns).

tidbits the Magician (High Elf Skald)               Turns: 1638, Time: 00:17:39

Health: -1/37      AC:  4    Str: 13      XL:     6   Next: 32%
Magic:  7/15       EV: 13    Int: 17 (18) God:
Gold:   22         SH:  0    Dex: 14 (16) Spells: 5 memorised, 4 levels left

rFire  . . .     SeeInvis .     a - +0 falchion
rCold  . . .     Gourm    .     B - +1 robe {MR+}
rNeg   . . .     Faith    .     (no shield)
rPois  .         Spirit   .     E - +0 helmet
rElec  .         Reflect  .     (no cloak)
rCorr  .         Harm     .     (no gloves)
MR     +....     Rnd*Tele +     (no boots)
Stlth  +.........               (no amulet)
                                (no ring)
                                j - +3 ring of intelligence

@: singing, very slightly contaminated
A: frail 1, teleportitis 2
a: Stop Singing


You were on level 6 of the Dungeon.
You were not hungry.

You visited 1 branch of the dungeon, and saw 6 of its levels.

You collected 106 gold pieces.
You spent 84 gold pieces at shops.

Inventory:

Hand Weapons
 a - a +0 falchion (weapon)
 s - a +0 blowgun
   (You took it off a kobold on level 3 of the Dungeon)
 z - a -3 falchion
   (You found it on level 5 of the Dungeon)
Missiles
 e - 21 bolts
 g - 23 arrows
 m - 21 stones (quivered)
Armour
 b - a +0 scale mail of cold resistance
   (You took it off Terence on level 2 of the Dungeon)
 l - a +0 leather armour
 B - a +1 robe of magic resistance (worn)
   (You took it off Jessica on level 3 of the Dungeon)
 E - a +0 helmet (worn)
   (You found it on level 1 of the Dungeon)
Jewellery
 j - a +3 ring of intelligence (left hand)
   (You found it on level 2 of the Dungeon)
Wands
 f - a wand of heal wounds (1/9)
   (You took it off Jessica on level 3 of the Dungeon)
 x - a wand of confusion (20/48)
   (You found it on level 5 of the Dungeon)
Scrolls
 h - a scroll of immolation
 i - a scroll of amnesia
 q - a scroll of random uselessness {unknown}
 v - 2 scrolls of teleportation
 w - a scroll of blinking {unknown}
 y - a scroll of fog {unknown}
Potions
 r - 3 potions of heal wounds
Books
 c - a book of Battle

   Spells                             Type                      Level
   a - Infusion                       Charms                       1
   b - Shroud of Golubria             Charms/Translocation         2
   c - Song of Slaying                Charms                       2
   d - Spectral Weapon                Hexes/Charms                 3
   e - Regeneration                   Charms/Necromancy            3
 u - a book of Transfigurations
   (You found it on level 5 of the Dungeon)

   Spells                             Type                      Level
   a - Irradiate                      Conjuration/Transmutation    5
   b - Statue Form                    Transmutation/Earth          6
   c - Hydra Form                     Transmutation                6
   d - Dragon Form                    Transmutation                7
Comestibles
 d - a bread ration
 n - a royal jelly
 p - 2 beef jerkies
 t - 5 fruits


   Skills:
 + Level 3.0 Fighting
 - Level 4.6 Long Blades
 - Level 0.8 Armour
 + Level 2.7 Dodging
 - Level 5.3 Spellcasting
 - Level 3.7 Charms


You had 4 spell levels left.
You knew the following spells:

 Your Spells              Type           Power        Failure   Level  Hunger
g - Shroud of Golubria    Chrm/Tloc      ##........   12%         2    #......
i - Infusion              Chrm           ###.         2%          1    None
r - Regeneration          Chrm/Necr      ##........   21%         3    ##.....
w - Spectral Weapon       Hex/Chrm       ##......     21%         3    ##.....
y - Song of Slaying       Chrm           ###.....     4%          2    #......


Dungeon Overview and Level Annotations

Branches:
Dungeon (6/15)
 Temple: D:4-7

Altars:
Elyvilon
Gozag
Trog
Xom

Shops:
D:5 ?

Annotations:
D:1 exclusion: downstairs
D:3 Xiguana's ghost, amateur VSWz
D:6 Blork the orc


Innate Abilities, Weirdness & Mutations

You are frail. (-10% HP)
You are sometimes teleported next to monsters.


Message History

The worker ant bites you but does no damage.
The worker ant closely misses you.
You barely miss the worker ant.
The worker ant is lightly wounded.
Your spectral weapon hits the worker ant.
The worker ant barely misses you.
You hit the worker ant but do no damage.
The worker ant is heavily wounded.
You feel sick.
Your spectral weapon closely misses the worker ant.
The worker ant barely misses you.
You closely miss the worker ant.
The worker ant is heavily wounded.
Your spectral weapon hits the worker ant.
The worker ant bites you!
* * * LOW HITPOINT WARNING * * *
The worker ant barely misses you.
You hit the worker ant but do no damage.
The worker ant is almost dead.
Your spectral weapon barely misses the worker ant.
The worker ant bites you!
* * * LOW HITPOINT WARNING * * *
You are lethally poisoned!
The worker ant poisons you!
You hit the worker ant.
You kill the worker ant!
Your Fighting skill increases to level 3!
* * * LOW HITPOINT WARNING * * *
You feel sick.
You feel better.
Blork the orc comes into view.
He is wielding a scimitar of holy wrath.
Found 16 gold pieces.
You see here a worker ant corpse.
You start eating the meat ration.
You continue eating. x2
You finish eating.
That meat ration really hit the spot!
Casting: Spectral Weapon
Confirm with . or Enter, or press ? or * to list all spells.
Your skin crawls.
Your spectral weapon fades away.
Your skin is crawling a little less now.
Press: ? - help, . - travel You can't see that place. [the floor.] Unknown command.
Press: ? - help, . - travel You can't see that place. [the floor.] Unknown command.
Your skin stops crawling.
Found a stone staircase leading down.
There is a stone staircase leading down here.
Found 3 fruits.
Found a potion of heal wounds.
Found 14 gold pieces and a potion of heal wounds.
An orc comes into view. It is wielding a club.
An orc priest comes into view. It is wielding a dagger.
The orc priest shouts!
You see here a potion of heal wounds.
r - 3 potions of heal wounds (gained 1)
An orc comes into view. It is wielding a club.
Casting: Regeneration
Confirm with . or Enter, or press ? or * to list all spells.
You miscast Spectral Weapon.
You are very lightly contaminated with residual magic.
Nothing appears to happen.
Casting: Spectral Weapon
Confirm with . or Enter, or press ? or * to list all spells.
You draw out your weapon's spirit!
The orc priest looks encouraged for a moment.
An orc comes into view. It is wielding a mace.
The orc shouts!
You hit the orc.
The orc is heavily wounded.
Your spectral weapon hits the orc but does no damage.
The orc misses your spectral weapon.
A bullfrog comes into view.
You catch the helpless orc completely off-guard!
You slash the orc!
You kill the orc!
Casting: Spectral Weapon
Confirm with . or Enter, or press ? or * to list all spells.
You start singing a song of slaying.
You barely miss the orc priest.
Your spectral weapon hits the orc priest.
The orc priest invokes the aid of Beogh against you.
Beogh smites you!
* * * LOW HITPOINT WARNING * * *
The orc hits you with a club.
* * * LOW HITPOINT WARNING * * *
The orc priest invokes the aid of Beogh against you.
You resist with some effort.
You closely miss the orc priest.
The orc priest is moderately wounded.
Your spectral weapon hits the orc priest.
The orc priest mumbles some strange prayers to Beogh against you.
Beogh smites you!
* * * LOW HITPOINT WARNING * * *
The orc hits you with a club.
You die...

#.........
##.........
#..........
##...........
#.............
##...o....$...!#
#...Foo........##
#..(@..........#
#..............#
#..............#
#..............#
##............##
##..........#..#
................#
..............####
..####.......###.#


You could see a bullfrog, an orc priest, 2 orcs and a friendly spectral
falchion.

Vanquished Creatures
  The ghost of tidbits the Magician, an amateur HESk of Uskayaw (D:5)
  A scorpion (D:4)
  A jelly (D:5)
  Jessica (D:3)
  Natasha (twice) (D:2)
  Terence (D:2)
  A worker ant (D:6)
  2 adders
  An adder zombie (D:5)
  2 worms
  2 dart slugs
  2 orcs
  4 giant cockroaches
  5 goblins
  3 hobgoblins
  2 kobolds
  5 bats
  8 rats (D:1)
44 creatures vanquished.

Notes
Turn   | Place    | Note
-------+----------+-------------------------------------------
     0 | D:1      | tidbits the High Elf Skald began the quest for the Orb.
     0 | D:1      | Reached XP level 1. HP: 14/14 MP: 4/4
   124 | D:1      | Reached XP level 2. HP: 17/19 MP: 6/6
   128 | D:1      | Learned a level 2 spell: Song of Slaying
   131 | D:1      | Learned a level 2 spell: Shroud of Golubria
   143 | D:1      | Reached skill level 3 in Long Blades
   165 | D:2      | Noticed Terence
   418 | D:2      | Killed Terence
   418 | D:2      | Reached skill level 4 in Long Blades
   418 | D:2      | Reached XP level 3. HP: 24/24 MP: 0/7
   499 | D:2      | Found an opulent altar of Gozag.
   508 | D:2      | Noticed Natasha
   518 | D:2      | Killed Natasha
   518 | D:2      | Reached skill level 3 in Spellcasting
   518 | D:2      | Reached XP level 4. HP: 7/29 MP: 0/9
   530 | D:2      | Learned a level 3 spell: Regeneration
   592 | D:2      | Noticed Natasha
   598 | D:2      | Killed Natasha
   709 | D:3      | Found a faded altar of an unknown god.
   709 | D:3      | Found a bloodstained altar of Trog.
   714 | D:3      | Found a faded altar of an unknown god.
   716 | D:3      | Found a shimmering altar of Xom.
   717 | D:3      | Found a faded altar of an unknown god.
   746 | D:3      | Noticed Xiguana's ghost (amateur VSWz)
   752 | D:3      | Gained mutation: You are partially covered in yellow scales. (AC +2) [potion of beneficial mutation]
   801 | D:4      | Reached skill level 4 in Spellcasting
   801 | D:4      | Reached XP level 5. HP: 5/34 MP: 4/12
   806 | D:4      | Found a white marble altar of Elyvilon.
   873 | D:4      | Noticed an ogre
   875 | D:4      | Lost mutation: You are partially covered in yellow scales. (AC +2) [potion of cure mutation]
  1059 | D:3      | Noticed Jessica
  1075 | D:3      | Learned a level 3 spell: Spectral Weapon
  1087 | D:3      | Killed Jessica
  1087 | D:3      | Reached skill level 5 in Spellcasting
  1176 | D:3      | Found a faded altar of an unknown god.
  1263 | D:5      | Entered Level 5 of the Dungeon
  1378 | D:5      | Noticed tidbits's ghost (amateur HESk)
  1393 | D:5      | Killed tidbits's ghost
  1393 | D:5      | Reached skill level 2 in Dodging
  1393 | D:5      | Reached XP level 6. HP: 25/41 MP: 4/15
  1421 | D:5      | Found Qunwypp's Magic Scroll Emporium.
  1429 | D:5      | Bought a scroll of remove curse for 36 gold pieces
  1429 | D:5      | Bought a scroll of teleportation for 36 gold pieces
  1429 | D:5      | Bought a scroll of noise for 12 gold pieces
  1457 | D:5      | Gained mutation: You are occasionally teleported next to monsters. [potion of mutation]
  1457 | D:5      | Gained mutation: You are sometimes teleported next to monsters. [potion of mutation]
  1457 | D:5      | Gained mutation: You are frail. (-10% HP) [potion of mutation]
  1591 | D:6      | Reached skill level 3 in Fighting
  1593 | D:6      | Noticed Blork the orc
  1638 | D:6      | HP: 2/37 [orc priest/divine providence (13)]
  1638 | D:6      | Slain by an orc

Skill      XL: |  1  2  3  4  5  6 |
---------------+-------------------+-----
Long Blades    | 4 |  4.6
Spellcasting   | 3 4 5 |  5.3
Dodging        | 2 |  2.7
Fighting       | 3 |  3.0
Armour         | |  0.8
Charms         | |  3.7

Action                   |  1- 3 |  4- 6 || total
-------------------------+-------+-------++-------
Melee: Falchion          |    56 |    81 ||   137
 Cast: Infusion          |    10 |     7 ||    17
       Shroud of Golubri |     1 |     3 ||     4
       Regeneration      |       |     9 ||     9
       Spectral Weapon   |       |     8 ||     8
       Song of Slaying   |       |     2 ||     2
  Use: Potion            |     2 |     8 ||    10
       Scroll            |       |     7 ||     7
 Stab: Sleeping          |       |     1 ||     1
       Distracted        |       |     1 ||     1
  Eat: Chunk             |       |     2 ||     2
       Meat ration       |       |     1 ||     1
Armor: Leather armour    |    19 |     5 ||    24
       Skin              |    10 |       ||    10
       Robe              |       |    10 ||    10
Dodge: Dodged            |    30 |    36 ||    66
       Rpst.: Falchion   |    14 |     8 ||    22

Table legend:
 A = Turns spent in this place as a percentage of turns spent in the entire game.
 B = Non-inter-level travel turns spent in this place as a percentage of non-inter-level travel turns spent in the entire game.
 C = Inter-level travel turns spent in this place as a percentage of turns spent in this place.
 D = Turns resting spent in this place as a percentage of non-inter-level travel turns spent in this place.
 E = Turns spent auto-exploring this place as a percentage of non-inter-level travel turns spent in this place.
 F = Non-inter-level travel turns spent in this place divided by the number of levels of this place that you've seen.
                   A       B       C       D       E      F
               +-------+-------+-------+-------+-------+----------------------
         Total | 100.0 | 100.0 |   0.1 |   0.0 |   0.0 | 243.5
       Dungeon | 100.0 | 100.0 |   0.1 |   0.0 |   0.0 | 243.5
               +-------+-------+-------+-------+-------+----------------------

Table legend:
 A = Kills in this place as a percentage of kills in entire the game.
 B = Kills by you in this place as a percentage of kills by you in the entire game.
 C = Kills by friends in this place as a percentage of kills by friends in the entire game.
 D = Other kills in this place as a percentage of other kills in the entire game.
 E = Experience gained in this place as a percentage of experience gained in the entire game.
 F = Experience gained in this place divided by the number of levels of this place that you have seen.
                   A       B       C       D       E      F
               +-------+-------+-------+-------+-------+----------------------
         Total | 100.0 | 100.0 |  -nan |  -nan | 100.0 |  82.5
       Dungeon | 100.0 | 100.0 |  -nan |  -nan | 100.0 |  82.5
               +-------+-------+-------+-------+-------+----------------------

Vault maps used:
D:1:      onia_arrival_larder
D:2:      grunt_gozag_statues, first_bread, uniq_terence, uniq_natasha
D:3:      chequers_temple_overflow_minitemple, ecumenical_altar_2, uniq_jessica
D:4:      elyvilon_altar_3, minmay_temple_entry_junction_2
D:5:      serial_shops, shop
D:6:      uniq_blork_the_orc, uniq_duvessa, uniq_eustachio, uniq_menkaure
